 Dungeon Crawl Stone Soup version 0.30.0-29-ga12c61a403 (webtiles) character file.

Game seed: 6273268633142892816

25 seaoflcl the Trooper (level 2, -10/24 HPs)
             Began as a Demonspawn Fighter on June 16, 2023.
             Mangled by Sigmund
             ... wielding a +2 vampiric scythe
              (12 damage)
             ... on level 2 of the Dungeon.
             The game lasted 00:01:13 (997 turns).

seaoflcl the Trooper (Demonspawn Fighter)            Turns: 997, Time: 00:01:14

Health: -10/24     AC:  7    Str: 16    XL:     2   Next: 82%
Magic:  2/2        EV:  8    Int:  9    God:
Gold:   31         SH:  4    Dex: 12    Spells: 1/1 levels left

rFire   . . .        j - +1 mace (heavy)
rCold   . . .        c - +0 buckler
rNeg    . . .        b - +0 scale mail
rPois   .            (no helmet)
rElec   .            (no cloak)
rCorr   .            i - +0 pair of gloves
SInv    .            (no boots)
Will    .....        (no amulet) Stlth
                     (no ring)
HPRegen 0.24/turn    (no ring)
MPRegen 0.08/turn

%: no passive effects
@: no status effects
A: foul stench 1
a: no special abilities


You were on level 2 of the Dungeon.
You visited 1 branch of the dungeon, and saw 2 of its levels.

You collected 31 gold pieces.

Inventory:

Hand Weapons
 a - a +0 war axe
 j - a +1 heavy mace (weapon)
Armour
 b - a +0 scale mail (worn)
 c - a +0 buckler (worn)
 i - a +0 pair of gloves (worn)
Scrolls
 e - a scroll of teleportation {unknown}
 h - a scroll of blinking {unknown}
Potions
 d - a potion of might
 f - a potion of lignification {unknown}
 g - a potion of magic {unknown}


   Skills:
 + Level 3.2 Fighting
 + Level 2.2(2.3) Axes
 * Level 0.6(1.5) Maces & Flails
 + Level 2.9 Armour
 + Level 2.8 Shields


You had one spell level left.
You didn't know any spells.
Your spell library was empty.

Dungeon Overview and Level Annotations

Branches:
Dungeon (2/15)

Altars:

Annotations:
D:2 Sigmund


Innate Abilities, Weirdness & Mutations

You may rarely emit foul miasma when damaged in melee.


Message History

The hobgoblin hits you but does no damage.
The hobgoblin barely misses you.
You hit the hobgoblin but do no damage. The hobgoblin barely misses you. x2
You sock the hobgoblin!
You kill the hobgoblin!
No target in view!
No target in view!
No target in view!
No target in view!
No target in view!
No target in view!
No target in view!
No target in view!
No target in view!
No target in view!
No target in view!
No target in view!
Things that are here:
a +0 club; a goblin corpse Sigmund and a worm come into view.
Sigmund is wielding a +2 vampiric scythe and wearing a +2 robe of fire resistance.
Found a glowing short sword and a robe.
Sigmund casts a spell.
Sigmund flickers and vanishes!
Deactivating autopickup; reactivate with Ctrl-A.
Something hits you! Something hits you.
Okay, then.
You block the worm's attack. Something hits you but does no damage.
The worm barely misses you.
You sock the worm!
The worm is severely wounded.
Something hits you. The worm bites you!
* * * LOW HITPOINT WARNING * * *
You barely miss the worm.
The worm is severely wounded.
Something hits you but does no damage. The worm barely misses you.
Something hits you!
Ouch! That really hurt!
You die...

####### #.....#
#########.###.#
##...........#.#
........##.#.#.#
#######.##.....#############
#.####...............#
##.##.w@.......######.#
#.#.#.########## #.#
#.#.#..# #.## ....#.#.#
#####... ..###.....#
#........ ### #.)##.#
#.####.#. #..# .# #.#. #..#
.# #.#. #..# .# #...


You could see a worm.

Vanquished Creatures
  3 ball pythons (D:1)
  An endoplasm (D:1)
  2 giant cockroaches (D:1)
  4 goblins
  4 hobgoblins
  2 kobolds (D:1)
  A quokka (D:1)
  A frilled lizard (D:1)
  3 rats (D:1)
21 creatures vanquished.

Notes
Turn   | Place    | Note
-------+----------+-------------------------------------------
     0 | D:1      | seaoflcl the Demonspawn Fighter began the quest for the
                  | Orb.
     0 | D:1      | Reached XP level 1. HP: 18/18 MP: 1/1
    39 | D:1      | Found a faded altar of an unknown god.
   414 | D:1      | Gained mutation: You may rarely emit foul miasma when
                  | damaged in melee. [demonic ancestry]
   414 | D:1      | Reached XP level 2. HP: 24/24 MP: 2/2
   983 | D:2      | Noticed Sigmund
   997 | D:2      | Mangled by Sigmund

Illustrated notes

Levels and vault maps discovered:
D:1:      nzn_arrival_depleted_hourglass, layout_loops_ring,
          shapermc_ecumenical_altar_mp_ritualfount, minmay_tromino_i2
D:2:      layout_loops_ring, minmay_indecisive_spiral, uniq_sigmund

Skill      XL: |  1 |
---------------+----+-----
Axes           | 2 |  2.2
Fighting       | |  3.2
Maces & Flails | |  0.6
Armour         | |  2.9
Shields        | |  2.8

Action                     || total
---------------------------++-------
  Melee: War axe           ||    16
         Mace              ||    33
 Armour: Scale mail        ||    31
  Dodge: Dodged            ||    26
  Block: Buckler           ||    19
